 Dungeon Crawl Stone Soup version 0.28.0-43-g3370ac3207 (webtiles) character file.

Game seed: 13212151618266842060

396 Kaptain the Digger (level 6, -1/37 HPs)
             Began as a Gargoyle Earth Elementalist on Mar 16, 2022.
             Slain by Pikel
             ... wielding a +1 whip of flaming
              (10 damage)
             ... on level 4 of the Dungeon.
             The game lasted 00:07:37 (4575 turns).

Kaptain the Digger (Gargoyle Earth Elementalist)    Turns: 4575, Time: 00:07:37

Health: -1/37      AC:  8    Str: 11    XL:     6   Next: 82%
Magic:  5/11       EV: 11    Int: 18    God:
Gold:   133        SH:  0    Dex: 10    Spells: 8/12 levels left

rFire   . . .      SeeInvis .   i - +0 quarterstaff
rCold   . . .      Faith    .   (shield currently unavailable)
rNeg    + . .      Spirit   .   b - +1 robe
rPois   ∞          Reflect  .   (no helmet)
rElec   +          Harm     .   c - +0 cloak
rCorr   .          Rampage  .   (no gloves)
Will    .....                   (no boots)
Stlth   ++........              (no amulet)
HPRegen 0.12/turn               (no ring)
MPRegen 0.12/turn               (no ring)

@: no status effects
A: sickness immunity, AC +4, negative energy resistance 1, electricity
resistance, torment resistance 1, petrification resistance
a: no special abilities


You were on level 4 of the Dungeon.
You visited 1 branch of the dungeon, and saw 4 of its levels.

You collected 133 gold pieces.

Inventory:

Hand Weapons
 f - a +0 spear of freezing
 h - a +1 whip of flaming
 i - a +0 quarterstaff (weapon)
Missiles
 m - 29 stones
Armour
 b - a +1 robe (worn)
 c - a +0 cloak (worn)
Magical Staves
 k - a staff of air
Scrolls
 d - a scroll of enchant armour
 e - 2 scrolls of identify
 g - a scroll of amnesia
Potions
 a - a potion of heal wounds
 j - a potion of brilliance {unknown}
 l - a potion of cancellation {unknown}
 n - a potion of degeneration {unknown}


   Skills:
 * Level 3.2 Fighting
 + Level 2.0 Armour
 - Level 1.5 Dodging
 - Level 2.1 Stealth
 * Level 3.5 Spellcasting
 * Level 3.1 Conjurations
 - Level 0.7 Transmutations
 * Level 5.3 Earth Magic


You had 8 spell levels left.
You knew the following spells:

 Your Spells              Type           Power      Damage    Failure   Level
a - Sandblast             Erth           44%        2d11      1%          1
b - Stone Arrow           Conj/Erth      36%        3d9       9%          3

Your spell library contained the following spells:

 Spells                   Type           Power      Damage    Failure   Level
 Passwall                 Tmut/Erth      11%        N/A       7%          2
 Pain                     Necr           12%        1d4       16%         1
 Petrify                  Tmut/Erth      14%        N/A       41%         4
 Agony                    Necr           3%         N/A       99%         5
 Excruciating Wounds      Necr           1%         N/A       99%         5


Dungeon Overview and Level Annotations

Branches:
Dungeon (4/15)
 Temple: D:4-7

Altars:
Elyvilon

Annotations:
D:4 Pikel


Innate Abilities, Weirdness & Mutations

You are immune to sickness and miasma.
Your stone body is resilient. (AC +4)
You are immune to poison.
You resist negative energy. (rN+)
You are resistant to electric shocks. (rElec)
You are resistant to unholy torment.
You are immune to petrification.


Message History

The blast of sand hits Pikel.
Pikel is lightly wounded.
Pikel hits you with a +1 whip of flaming!
Pikel burns you.
Casting: Sandblast (safe; 1% risk of failure)
Confirm with . or Enter, or press ? or * to list all spells.
Aiming: Sandblast (safe; 1% risk of failure)
Press: ? - help, Shift-Dir - straight line, f/p - Pikel
Aim: Pikel, wielding a +1 whip of flaming and wearing a +0 robe (lightly wounded, 76% to hit)
The blast of sand hits Pikel but does no damage.
Pikel is lightly wounded.
Pikel hits you but does no damage.
Casting: Sandblast (safe; 1% risk of failure)
Confirm with . or Enter, or press ? or * to list all spells.
Aiming: Sandblast (safe; 1% risk of failure)
Press: ? - help, Shift-Dir - straight line, f/p - Pikel
Aim: Pikel, wielding a +1 whip of flaming and wearing a +0 robe (lightly wounded, 76% to hit)
The blast of sand hits Pikel.
Pikel is moderately wounded.
Pikel hits you with a +1 whip of flaming!
Pikel burns you.
* * * LOW HITPOINT WARNING * * *
Casting: Sandblast (safe; 1% risk of failure)
Confirm with . or Enter, or press ? or * to list all spells.
Aiming: Sandblast (safe; 1% risk of failure)
Press: ? - help, Shift-Dir - straight line, f/p - Pikel
Aim: Pikel, wielding a +1 whip of flaming and wearing a +0 robe (moderately wounded, 76% to hit)
The blast of sand hits Pikel but does no damage.
Pikel is moderately wounded.
Pikel barely misses you.
Casting: Sandblast (safe; 1% risk of failure)
Confirm with . or Enter, or press ? or * to list all spells.
Aiming: Sandblast (safe; 1% risk of failure)
Press: ? - help, Shift-Dir - straight line, f/p - Pikel
Aim: Pikel, wielding a +1 whip of flaming and wearing a +0 robe (moderately wounded, 76% to hit)
The blast of sand hits Pikel!
Pikel is heavily wounded.
Pikel says, "Time is money, and you're costing me too much!"
Pikel hits you with a +1 whip of flaming!
You die...

#......... #####........#
#...'........#
#)###........### .
####.##.....#.....#.#
#....##.#...#.......#
##.####.#.........# #..#
#.###.<...##
##.####.#...#.#@### . ..
#.#....#.#.#)#K#.... ...
#.##.#.#.#...55#.#.# ...
..#
#....#.#+#...#.#.#.##...
... ####...........#.#.#...
... #.#......##.....#..# .
... ####.#......+......#..#
. ...
#....#......##.....#..#.###
+#
#.####.#.#............#....


You could see Pikel and 2 lemures.

Vanquished Creatures
  An ogre (D:4)
  A lemure (D:3)
  A gnoll sergeant (D:4)
  A hound (D:3)
  A gnoll shaman (D:3)
  5 adders
  6 gnolls
  3 dart slugs
  7 bats
  8 endoplasms
  A giant cockroach (D:2)
  11 goblins
  9 hobgoblins
  4 jackals (D:1)
  3 quokkas
  8 ball pythons
  5 frilled lizards
  3 kobolds
  8 rats
86 creatures vanquished.

Vanquished Creatures (others)
  12 plants (D:2)
12 creatures vanquished.

Grand Total: 98 creatures vanquished

Notes
Turn   | Place    | Note
-------+----------+-------------------------------------------
     0 | D:1      | Kaptain the Gargoyle Earth Elementalist began the quest for
                  | the Orb.
     0 | D:1      | Reached XP level 1. HP: 10/10 MP: 3/3
   159 | D:1      | Reached XP level 2. HP: 16/16 MP: 0/5
   336 | D:1      | Reached skill level 1 in Fighting
   439 | D:1      | Reached skill level 1 in Conjurations
   464 | D:1      | Reached skill level 4 in Earth Magic
   464 | D:1      | Reached XP level 3. HP: 15/20 MP: 3/6
   731 | D:1      | Reached skill level 1 in Armour
  1453 | D:2      | Reached XP level 4. HP: 25/25 MP: 4/7
  1652 | D:2      | Found a white marble altar of Elyvilon.
  2056 | D:2      | You fall into a shaft and drop 2 floors!
  2080 | D:4      | Noticed an ogre
  2301 | D:3      | Learned a level 3 spell: Stone Arrow
  2943 | D:3      | Reached XP level 5. HP: 26/30 MP: 9/9
  3805 | D:3      | Reached XP level 6. HP: 36/36 MP: 7/10
  3833 | D:4      | Reached skill level 5 in Earth Magic
  4117 | D:4      | Noticed Pikel
  4575 | D:4      | Slain by Pikel

Illustrated notes

Levels and vault maps discovered:
D:1:      ncdulo_smallfort, layout_loops_ring, minmay_pentomino_u4
D:2:      layout_loops_ring, serial_bayou, serial_bayou_shore_b,
          serial_bayou_ford_a, serial_bayou_pond_e, serial_bayou_pond_d,
          serial_bayou_crossing, basic_altar, chequers_serial_rivers_large_b
D:3:      layout_loops_cross, st_stairs_11, minmay_bisected
D:4:      layout_basic, minmay_quadrilaterals, uniq_pikel,
          uniq_crazy_yiuf_cottage

Skill      XL: |  1  2  3  4  5  6 |
---------------+-------------------+-----
Fighting       | 1 2 3 |  3.2
Conjurations   | 1 2 3 |  3.1
Earth Magic    | 4 5 |  5.3
Armour         | 1 2 |  2.0
Spellcasting   | 3 |  3.5
Dodging        | |  1.5
Stealth        | |  2.1
Transmutations | |  0.7

Action                   |  1- 3 |  4- 6 || total
-------------------------+-------+-------++-------
Melee: Spear             |    26 |    13 ||    39
       Quarterstaff      |       |    84 ||    84
       Whip              |       |    29 ||    29
 Cast: Sandblast         |    42 |    47 ||    89
       Stone Arrow       |       |     1 ||     1
  Use: Scroll            |     2 |     3 ||     5
       Potion            |       |     1 ||     1
 Stab: Sleeping          |       |     3 ||     3
Armor: Robe              |     9 |    77 ||    86
Dodge: Dodged            |    26 |   100 ||   126
